 Dungeon Crawl Stone Soup version 0.22.1-5-g62c59d919a (webtiles) character file.

2081 Riddle the Magician (level 9, -5/48 HPs)
             Began as a Vine Stalker Skald on Jan 15, 2019.
             Was an Initiate of Ru.
             Slain by a vampire (7 damage)
             ... on level 6 of the Dungeon.
             The game lasted 00:18:43 (7103 turns).

Riddle the Magician (Vine Stalker Skald)            Turns: 7103, Time: 00:18:43

Health: -5/48      AC: 12    Str: 15    XL:     9   Next: 27%
Magic:  0/28       EV: 12    Int: 13    God:    Ru [......]
Gold:   289        SH:  0    Dex: 16    Spells: 16/20 levels left

rFire    . . .     SeeInvis .   y - +1 dagger (venom)
rCold    . . .     Gourm    .   (no shield)
rNeg     . . .     Faith    .   b - +0 leather armour
rPois    .         Spirit   +   l - +0 helmet
rElec    .         Reflect  .   (no cloak)
rCorr    .         Harm     .   (no gloves)
MR       +....                  w - +2 pair of boots
Stlth    +.........             (no amulet)
HPRegen  1.56/turn              i - ring of magical power
MPRegen  0.21/turn              a - +5 ring of protection

@: infused, regenerating
A: fangs 3, regeneration 1, magic shield, antimagic bite, no potion heal 3, rot
immunity
a: Renounce Religion


You were on level 6 of the Dungeon.
You worshipped Ru.
Ru was noncommittal.
You were not hungry.

You visited 2 branches of the dungeon, and saw 8 of its levels.

You collected 289 gold pieces.

Inventory:

Hand Weapons
 y - a +1 dagger of venom (weapon)
Armour
 b - a +0 leather armour (worn)
 l - a +0 helmet (worn)
 w - a +2 pair of boots (worn)
Jewellery
 a - a +5 ring of protection (right hand)
 i - a ring of magical power (left hand)
 B - an uncursed ring of protection from cold
Wands
 p - a wand of iceblast (2)
Scrolls
 e - 2 scrolls of remove curse
 f - 2 scrolls of fear {unknown}
 g - 4 scrolls of enchant armour {unknown}
 h - 6 scrolls of identify
 j - a scroll of blinking {unknown}
 k - 5 scrolls of teleportation
 n - a scroll of random uselessness {unknown}
 r - a scroll of amnesia {unknown}
 s - a scroll of enchant weapon {unknown}
 t - a scroll of magic mapping {unknown}
Potions
 c - a potion of agility {unknown}
 m - a potion of brilliance {unknown}
 o - a potion of degeneration {unknown}
 q - 4 potions of curing {unknown}
 u - a potion of magic {unknown}
 v - a potion of berserk rage {unknown}
 x - a potion of cancellation {unknown}
 z - 2 potions of lignification {unknown}
Comestibles
 d - 12 rations
 A - 7 chunks of flesh


   Skills:
 + Level 6.1 Fighting
   Level 1.7 Long Blades
 - Level 0.7 Armour
 - Level 1.5 Dodging
 + Level 6.1 Spellcasting
 + Level 6.1 Charms
 + Level 6.0 Necromancy


You had 16 spell levels left.
You knew the following spells:

 Your Spells              Type           Power        Failure   Level  Hunger
a - Infusion              Chrm           ###.         1%          1    None
b - Regeneration          Chrm/Necr      ###.......   4%          3    ###....

Your spell library contained the following spells:

 Spells                   Type           Power        Failure   Level  Hunger
 Song of Slaying          Chrm           ###.....     2%          2    #......
 Shroud of Golubria       Chrm/Tloc      ##........   9%          2    #......
 Spectral Weapon          Hex/Chrm       ##......     17%         3    ###....
 Magic Dart               Conj           #...         21%         1    None
 Blink                    Tloc           N/A          30%         2    #......
 Call Imp                 Summ           #.......     30%         2    #......
 Slow                     Hex            #.......     30%         2    #......
 Conjure Flame            Conj/Fire      #.......     52%         3    ###....
 Mephitic Cloud           Conj/Pois/Air  #.......     52%         3    ###....


Dungeon Overview and Level Annotations

Branches:
Dungeon (7/15)             Temple (1/1) D:6

Altars:
Ashenzari
Cheibriados
Dithmenos
Elyvilon
Fedhas
Gozag
Kikubaaqudgha
Makhleb
Nemelex Xobeh
Okawaru
Qazlal
Ru
Sif Muna
Trog
Uskayaw
Vehumet
Wu Jian
Xom
Yredelemnul
Zin
The Shining One

Annotations:
D:6 2 runed doors, dondy's ghost, novice DEFE


Innate Abilities, Weirdness & Mutations

You have razor-sharp teeth.
Your natural rate of healing is unusually fast.
When hurt, damage is shared between your health and your magic reserves.
Your bite disrupts and absorbs the magic of your enemies.
Potions cannot restore your health.
You are immune to rotting.


Message History

You feel invigorated. Something hits you! Something bites you.
Something draws strength from your injuries!
You hit something but do no damage. Something hits you. Something bites you.
Something draws strength from your injuries!
Casting: Regeneration (safe; 4% risk of failure)
Confirm with . or Enter, or press ? or * to list all spells.
You begin infusing your attacks with magical energy.
Something hits you. Something bites you.
Something draws strength from your injuries!
Something hits you but does no damage. Something bites you!
* * * LOW HITPOINT WARNING * * *
Something draws strength from your injuries!
Casting: Infusion (safe; 1% risk of failure)
Confirm with . or Enter, or press ? or * to list all spells.
Your skin crawls.
Something hits you but does no damage. Something bites you but does no damage.
Something hits you!
* * * LOW HITPOINT WARNING * * *
Something bites you!
You die...

#.......# #.#####.# #.# #.#
######.# #.# #...##.# #.#
######...##.# #.# ###....#.(.##.#
#.########## ####.#....#...##.#
#..........#
................@##############.#
####.#....####.#.............##.#
#.#....# #.#.###########.##.#
#.#....# #.#.#.....# #.#.##.#
#.###### #.#.#.###.# #...##.# #.#
#.#.#...#.# #.####.# ####.#
#.#.###.#.###.####.# #....#
#.#.....#.#........# #....#
#.####..#.#.#.######


There were no monsters in sight!

Vanquished Creatures
  Sigmund (D:2)
  Menkaure (D:7)
  6 ogres
  A bullfrog (D:6)
  A scorpion (D:6)
  6 electric eels (D:6)
  3 howler monkeys (D:7)
  2 crimson imps
  A jelly (D:6)
  2 quasits (D:6)
  2 hounds
  4 orc wizards
  Terence (D:2)
  An iguana (D:6)
  8 worker ants
  A hound zombie (D:5)
  Robin (D:1)
  A howler monkey skeleton (D:5)
  7 adders
  2 oozes
  11 dart slugs (D:3)
  4 leopard geckos
  12 orcs
  2 ball pythons (D:3)
  6 bats
  5 giant cockroaches
  20 goblins
  4 hobgoblins
  18 jackals
  10 kobolds
  2 quokkas
  6 frilled lizards
  A jackal skeleton (D:4)
  A leopard gecko skeleton (D:4)
  A quokka zombie (D:5)
  11 rats
166 creatures vanquished.

Vanquished Creatures (others)
  A rat (D:3)
  2 plants (D:6)
3 creatures vanquished.

Grand Total: 169 creatures vanquished

Notes
Turn   | Place    | Note
-------+----------+-------------------------------------------
     0 | D:1      | Riddle the Vine Stalker Skald began the quest for the Orb.
     0 | D:1      | Reached XP level 1. HP: 11/11 MP: 4/4
   243 | D:1      | Reached XP level 2. HP: 12/15 MP: 3/6
   800 | D:1      | Reached XP level 3. HP: 14/18 MP: 5/8
  1280 | D:2      | Found an opulent altar of Gozag.
  1382 | D:2      | Noticed Sigmund
  1478 | D:2      | Noticed Robin
  1806 | D:1      | Killed Robin
  1807 | D:1      | Gained mutation: Your natural rate of healing is unusually
                  | fast. [Vine Stalker growth]
  1807 | D:1      | Reached XP level 4. HP: 10/23 MP: 5/9
  2212 | D:2      | Learned a level 3 spell: Regeneration
  2584 | D:3      | Reached skill level 1 in Necromancy
  2599 | D:3      | Reached XP level 5. HP: 28/28 MP: 10/10
  2667 | D:3      | Noticed Terence
  2704 | D:2      | Killed Terence
  2848 | D:3      | Found a stormy altar of Qazlal.
  2849 | D:3      | Noticed a water elemental
  2860 | D:3      | Noticed an air elemental
  2860 | D:3      | Noticed a fire elemental
  3656 | D:2      | Killed Sigmund
  3656 | D:2      | Reached XP level 6. HP: 32/32 MP: 13/13
  3890 | D:4      | Reached XP level 7. HP: 31/37 MP: 14/14
  4372 | D:5      | Entered Level 5 of the Dungeon
  4957 | D:5      | Gained mutation: You have razor-sharp teeth. [Vine Stalker
                  | growth]
  4957 | D:5      | Reached XP level 8. HP: 42/42 MP: 15/15
  5399 | D:6      | Reached skill level 5 in Fighting
  5454 | D:6      | Found a runed door.
  5485 | D:6      | Reached skill level 5 in Spellcasting
  5485 | D:6      | Reached skill level 5 in Charms
  5508 | D:6      | Found a staircase to the Ecumenical Temple.
  5636 | D:6      | Noticed dondy's ghost (novice DEFE)
  5666 | D:6      | Reached skill level 5 in Necromancy
  5697 | Temple   | Entered the Ecumenical Temple
  5871 | Temple   | Became a worshipper of Ru the Awakened
  6029 | D:6      | Found a runed door.
  6692 | D:6      | Reached XP level 9. HP: 35/48 MP: 18/18
  6729 | D:6      | Got a vibrating bronze amulet
  6734 | D:6      | Identified the amulet "Cechofamn" {Inacc Str+5} (You found
                  | it on level 6 of the Dungeon)
  7010 | D:7      | Noticed Menkaure
  7025 | D:7      | Killed Menkaure
  7103 | D:6      | HP: 2/48 [something (10)]
  7103 | D:6      | Slain by a vampire

Skill      XL: |  1  2  3  4  5  6  7  8  9 |
---------------+----------------------------+-----
Fighting       | 2 3 4 5 6 |  6.1
Spellcasting   | 3 4 5 6 |  6.1
Necromancy     | 1 3 4 5 6 |  6.0
Charms         | 4 5 6 |  6.1
Long Blades    | |  1.7
Armour         | |  0.7
Dodging        | |  1.5

Action                   |  1- 3 |  4- 6 |  7- 9 || total
-------------------------+-------+-------+-------++-------
Melee: Falchion          |    79 |   155 |   160 ||   394
       Bite              |    24 |    49 |    75 ||   148
       Dagger            |       |       |    60 ||    60
 Cast: Infusion          |    10 |    18 |    28 ||    56
       Regeneration      |       |     3 |     8 ||    11
Evoke: Wand              |       |       |     5 ||     5
  Use: Scroll            |       |       |     3 ||     3
  Eat: Chunk             |     2 |     9 |    11 ||    22
Armor: Leather armour    |    22 |    62 |   100 ||   184
Dodge: Dodged            |    69 |   167 |   171 ||   407
       Rpst.: Falchion   |    17 |    57 |    46 ||   120
